 Dungeon Sprint DCSS version 0.31-a0-95-g6fa058ef04 (webtiles) character file.

Game seed: 6875016846157157668

2288 sircluck the Imperceptible (level 9, 0/55 HPs)
             Began as a Kobold Brigand on May 25, 2023.
             Was a Priest of Dithmenos.
             Slain by an unseen horror (3 damage)
             ... in the Dungeon (Sprint III: "The Ten Rune Challenge").
             The game lasted 00:03:34 (719 turns).

sircluck the Imperceptible (Kobold Brigand)          Turns: 719, Time: 00:03:35

Health: 0/55       AC:  6    Str:  8    XL:     9   Next: 66%
Magic:  9/9        EV: 17    Int: 12    God:    Dithmenos [***...]
Gold:   63         SH:  0    Dex: 21    Spells: 8/8 levels left

rFire   . . .        a - +2 dagger
rCold   . . .        (no shield)
rNeg    + . .        j - +2 robe {rN+}
rPois   .            p - +0 helmet
rElec   .            c - +0 cloak
rCorr   .            (no gloves)
SInv    .            (no boots)
Will    .....        (no amulet) Stlth ****++++++
                     (no ring)
HPRegen 0.29/turn    (no ring)
MPRegen 0.11/turn

%: no teleportation
@: mighty, wreathed by umbra
A: small, no large weapons, nightstalker 3
a: Renounce Religion, Shadow Step


You were in the Dungeon.
You worshipped Dithmenos.
Dithmenos was most pleased with you.
You visited 1 branch You collected 63 gold pieces.

Inventory:

Hand Weapons
 a - a +2 dagger (weapon)
Missiles
 d - 9 poisoned darts (quivered)
 e - 3 curare-tipped darts
Armour
 b - a +0 robe
 c - a +0 cloak (worn)
 j - a +2 robe of positive energy (worn)
 p - a +0 helmet (worn)
Scrolls
 l - 3 scrolls of identify {unknown}
 m - 2 scrolls of immolation {unknown}
Potions
 h - a potion of haste
 i - 2 potions of magic
 n - 4 potions of enlightenment
Miscellaneous
 q - a phial of floods (inert)


   Skills:
 + Level 6.2 Fighting
 + Level 11.3 Short Blades
 + Level 4.5 Throwing
 + Level 4.8 Dodging
 + Level 24.0 Stealth


You had 8 spell levels left.
You didn't know any spells.
Your spell library contained the following spells:

 Spells                   Type           Power      Damage    Failure   Level
 Cigotuvi's Dreadful Rot  Necr/Pois/Air  0%         N/A       45%         2
 Dispel Undead            Necr           0%         3d6       97%         4
 Death Channel            Necr           0%         N/A       100%        6


Dungeon Overview and Level Annotations

Branches:
Dungeon (1/1)

Altars:
Cheibriados
Dithmenos
Fedhas
Gozag
Hepliaklqana
Kikubaaqudgha
Makhleb
Nemelex Xobeh
Okawaru
Qazlal
Ru
Sif Muna
Trog
Uskayaw
Vehumet
Wu Jian
Xom
Yredelemnul
Jiyva
Lugonu


Innate Abilities, Weirdness & Mutations

You are small and have problems with some larger weapons.
You are completely attuned to the shadows.


Message History

There is an open door here.
Something hits you but does no damage.
You close the door.
You start resting.
HP restored.
You open the door.
There is an open door here.
There is an open door here.
You start waiting.
There is a strange disturbance nearby!
Something hits you. Something closely misses you.
You closely miss something. Something hits you.
You hit something but do no damage. Something hits you but does no damage.
Something hits you!
You hit something. Something hits you.
You hit something. Something hits you! Something barely misses you.
You hit something but do no damage. Something hits you but does no damage.
You hit something. Something hits you but does no damage.
Something hits you but does no damage. Something barely misses you.
Something hits you but does no damage. Something hits you.
You hit something but do no damage. Something barely misses you.
You barely miss something. Something hits you!
* * * LOW HITPOINT WARNING * * *
Something hits you but does no damage. Something barely misses you.
You closely miss something. Something hits you.
* * * LOW HITPOINT WARNING * * *
You hit something. Something hits you but does no damage. Something hits you.
* * * LOW HITPOINT WARNING * * *
Something hits you.
* * * LOW HITPOINT WARNING * * *
You feel very mighty all of a sudden. Something hits you!
* * * LOW HITPOINT WARNING * * *
Unknown command.
You barely miss something. Something hits you but does no damage.
You barely miss something. Something hits you.
You die...

# #
#+###################
#.§§§§'.#.'...'.#.#.#.
#.#§~§#.#.#...##.#.#.#
'.#.§.#.#.#)..#.#.#.#.
#.#§§.#...#)).##.#.#.#
▓▓▓▓▓▓▓▓▓▓▓▓▓▓#.#.#.#
##@#.#.# +.#.#.#.
##.#.#.# #+#####


There were no monsters in sight!

Vanquished Creatures
  Josephine (D)
  A centaur warrior (D)
  A shadow (D)
  A spatial vortex (D)
  2 centaurs (D)
  An earth elemental (D)
  A necrophage (D)
  A scorpion (D)
  A water elemental (D)
  A jelly (D)
  A wizard (D)
  A necromancer (D)
  A kobold demonologist (D)
  3 humans (D)
  2 endoplasms (D)
  2 rats (D)
21 creatures vanquished.

Notes
Turn   | Place    | Note
-------+----------+-------------------------------------------
     0 | D        | sircluck the Kobold Brigand began the quest for the Orb.
     0 | D        | Reached XP level 1. HP: 12/12 MP: 1/1
     5 | D        | Reached skill level 6 in Stealth
    35 | D        | Noticed a scorpion
    39 | D        | Killed a scorpion
    40 | D        | Reached skill level 10 in Stealth
    40 | D        | Reached XP level 2. HP: 19/19 MP: 2/2
    40 | D        | Reached XP level 3. HP: 23/23 MP: 3/3
    40 | D        | Reached XP level 4. HP: 28/28 MP: 4/4
    52 | D        | Reached skill level 11 in Stealth
    86 | D        | Noticed a water elemental
    89 | D        | Killed a water elemental
    90 | D        | Reached skill level 5 in Short Blades
    90 | D        | Reached skill level 13 in Stealth
    90 | D        | Reached XP level 5. HP: 32/32 MP: 5/5
   101 | D        | Found a basalt altar of Yredelemnul.
   101 | D        | Found a shadowy altar of Dithmenos.
   101 | D        | Found a sacrificial altar of Ru.
   107 | D        | Reached skill level 15 in Stealth
   107 | D        | Reached XP level 6. HP: 38/38 MP: 6/6
   110 | D        | Became a worshipper of Dithmenos the Shadowed
   128 | D        | Found a radiant altar of Vehumet.
   128 | D        | Found a shimmering blue altar of Sif Muna.
   128 | D        | Found an ancient bone altar of Kikubaaqudgha.
   142 | D        | Noticed a soul eater
   206 | D        | Found a hide-covered altar of Uskayaw.
   206 | D        | Found an iron altar of Okawaru.
   206 | D        | Found a bloodstained altar of Trog.
   206 | D        | Found an ornate altar of the Wu Jian Council.
   206 | D        | Noticed a human
   207 | D        | Noticed a human
   209 | D        | Killed a human
   209 | D        | Reached * piety under Dithmenos
   210 | D        | Reached skill level 17 in Stealth
   210 | D        | Reached XP level 7. HP: 44/44 MP: 7/7
   210 | D        | Killed a human
   211 | D        | Reached skill level 18 in Stealth
   241 | D        | Noticed a shadow
   243 | D        | Killed a shadow
   244 | D        | Reached skill level 5 in Fighting
   244 | D        | Reached skill level 19 in Stealth
   244 | D        | Reached XP level 8. HP: 49/49 MP: 8/8
   247 | D        | Reached ** piety under Dithmenos
   251 | D        | Found a blossoming altar of Fedhas.
   251 | D        | Found a stormy altar of Qazlal.
   251 | D        | Found a snail-covered altar of Cheibriados.
   251 | D        | Found a burning altar of Makhleb.
   251 | D        | Found a shimmering altar of Xom.
   252 | D        | Found a hazy altar of Hepliaklqana.
   252 | D        | Found an opulent altar of Gozag.
   252 | D        | Found a sparkling altar of Nemelex Xobeh.
   252 | D        | Found a corrupted altar of Lugonu.
   252 | D        | Found a viscous altar of Jiyva.
   258 | D        | Reached skill level 20 in Stealth
   294 | D        | Noticed Josephine
   313 | D        | Killed Josephine
   314 | D        | Reached skill level 10 in Short Blades
   314 | D        | Reached skill level 22 in Stealth
   314 | D        | Reached XP level 9. HP: 29/55 MP: 9/9
   432 | D        | Noticed a centaur warrior
   435 | D        | Killed a centaur warrior
   436 | D        | Reached skill level 23 in Stealth
   436 | D        | Reached *** piety under Dithmenos
   438 | D        | Reached skill level 24 in Stealth
   505 | D        | HP: 2/55 [something (3)]
   719 | D        | Slain by an unseen horror

Illustrated notes

Levels and vault maps discovered:
D:        dungeon_sprint_mu [sprint_mu_entry_forest, sprint_mu_temple_rooms,
          sprint_mu_d1_horrors, sprint_mu_d2_genie, sprint_mu_d3_branching,
          sprint_mu_orc_legion, sprint_mu_elf_gauntlet, sprint_mu_hive_nellie,
          sprint_mu_lair_fedhas, sprint_mu_vaults_butterflies,
          sprint_mu_slime_circle, sprint_mu_swamp_cave, sprint_mu_snake_twists,
          sprint_mu_blade_basic, sprint_mu_crypt_chambers,
          sprint_mu_tomb_spiral, sprint_mu_vestibule_basic,
          sprint_mu_gehenna_hellfire, sprint_mu_dis_giant,
          sprint_mu_tartarus_statrot, sprint_mu_cocytus_islands, sprint_mu_zot1]

Skill      XL: |  1  2  3  4  5  6  7  8  9 |
---------------+----------------------------+-----
Stealth        | 10 13 15 17 19 22 24 | 24.0
Fighting       | 3 4 5 6 |  6.2
Short Blades   | 3 5 7 8 10 11 | 11.3
Throwing       | 3 4 |  4.5
Dodging        | 2 3 4 |  4.8

Action                     |  1- 3 |  4- 6 |  7- 9 || total
---------------------------+-------+-------+-------++-------
  Melee: Dagger            |     5 |    19 |    70 ||    94
         Punch             |       |       |     2 ||     2
  Evoke: Phial of floods   |       |       |     1 ||     1
    Use: Potion            |       |     1 |     4 ||     5
         Scroll            |       |       |     1 ||     1
   Stab: Sleeping          |     5 |     5 |     8 ||    18
 Armour: Robe              |       |       |    24 ||    24
  Dodge: Dodged            |       |     4 |    29 ||    33

Table legend: (Time is in decaauts)
 A = Elapsed time spent in this place.
 B = Non-inter-level travel time spent in this place.
 C = Inter-level travel time spent in this place.
 D = Time resting spent in this place.
 E = Time spent auto-exploring this place.
 F = Levels seen in this place.
 G = Mean time per level.
                   A        B        C        D        E       F      G
               +--------+--------+--------+--------+--------+-----+--------+
         Total |    712 |    701 |     11 |    338 |     43 |   1 |  712.0 |
       Dungeon |    712 |    701 |     11 |    338 |     43 |   1 |  712.0 |
               +--------+--------+--------+--------+--------+-----+--------+

Top non-repeatable levels by time:
       D: 712 daAuts
